 Dungeon Crawl Stone Soup version 0.19.0-24-gb05acd6 (console) character file.

42 Jesseh the Digger (level 3, -2/19 HPs)
             Began as a Gargoyle Earth Elementalist on Nov 20, 2016.
             Slain by a gnoll
             ... wielding a +0 whip
              (5 damage)
             ... on level 3 of the Dungeon.
             The game lasted 00:07:41 (989 turns).

Jesseh the Digger (Gargoyle Earth Elementalist)      Turns: 989, Time: 00:07:42

Health: -2/19      AC:  5    Str: 11    XL:     3   Next: 54%
Magic:  1/7        EV: 12    Int: 16    God:
Gold:   73         SH:  0    Dex: 10    Spells: 2 memorised, 4 levels left

rFire  . . .     SeeInvis .     n - +0 whip
rCold  . . .     Gourm    .     c - +0 robe
rNeg   + . .     Faith    .     (no shield)
rPois  ∞         Spirit   .     (no helmet)
rElec  +         Reflect  .     (no cloak)
rCorr  .         Harm     .     (no gloves)
MR     .....                    (no boots)
Stlth  ++........               (no amulet)
                                (no ring)
                                (no ring)

@: no status effects
A: negative energy resistance 1, electricity resistance, unbreathing,
petrification resistance, rot immunity, AC +3
a: no special abilities


You were on level 3 of the Dungeon.
You were hungry.

You visited 1 branch of the dungeon, and saw 4 of its levels.

You collected 73 gold pieces.

Inventory:

Hand Weapons
 h - a +0 club
   (You took it off a hobgoblin on level 1 of the Dungeon)
 k - a +0 spear
   (You found it on level 1 of the Dungeon)
 l - a +0 spear
   (You found it on level 1 of the Dungeon)
 n - a +0 whip (weapon)
   (You found it on level 1 of the Dungeon)
Missiles
 b - 65 stones (quivered)
Armour
 c - a +0 robe (worn)
 i - a +1 scale mail of cold resistance
   (You found it on level 1 of the Dungeon)
Scrolls
 f - 2 scrolls of identify {unknown}
Potions
 a - a potion of flight {unknown}
 g - 2 potions of curing {unknown}
 m - a potion of heal wounds {unknown}
Books
 e - a book of Geomancy
Comestibles
 d - a bread ration
 j - a royal jelly


   Skills:
 - Level 1.5 Dodging
 - Level 2.1 Stealth
 * Level 3.2 Spellcasting
   Level 0.7 Transmutations
 + Level 4.1 Earth Magic


You had 4 spell levels left.
You knew the following spells:

 Your Spells              Type           Power        Failure   Level  Hunger
a - Sandblast             Erth           ###...       4%          1    None
b - Stone Arrow           Conj/Erth      #.....       28%         3    ###....


Dungeon Overview and Level Annotations

Branches:
Dungeon (4/15)
 Temple: D:4-7

Altars:


Innate Abilities, Weirdness & Mutations

You are resistant to torment.
Your stone body is resilient. (AC +3)
You are immune to poison.
You resist negative energy. (rN+)
You are resistant to electric shocks. (rElec)
You can survive without breathing.
You are immune to petrification.
You are immune to rotting.


Message History

Aim: a leopard gecko (clinging, resting)
The blast of sand hits the leopard gecko.
You kill the leopard gecko!
You have reached level 3!
Your experience leads to an increase in your attributes!
Increase (S)trength, (I)ntelligence, or (D)exterity?
You feel clever.
Memorise Stone Arrow, consuming 3 spell levels and leaving 3?
You start memorising the spell.
You continue memorising. x3
You finish memorising.
Spell assigned to 'b'.
Okay, then.
No target in view!
A bat comes into view.
You barely miss the bat. The bat hits you but does no damage.
You barely miss the bat. The bat hits you but does no damage.
The bat hits you but does no damage. The bat barely misses you.
The bat closely misses you. The bat barely misses you.
You hit the bat.
You kill the bat!
A goblin comes into view.
You closely miss the goblin. The goblin hits you but does no damage.
You closely miss the goblin. The goblin hits you but does no damage.
You hit the goblin.
You kill the goblin!
Your Spellcasting skill increases to level 3!
A bat comes into view.
The bat hits you but does no damage. x2
You closely miss the bat. The bat misses you. The bat hits you.
A quokka comes into view.
You closely miss the bat. The bat misses you.
The bat hits you but does no damage. The bat barely misses you.
You hit the bat.
You kill the bat!
Aim: a quokka The blast of sand hits the quokka.
You kill the quokka!
There is a staircase leading out of the dungeon here.
All of the chunks of flesh in your inventory have rotted away.
Done exploring.
There is a stone staircase leading down here.
You climb downwards.
There is a stone staircase leading up here.
You now have 49 gold pieces (gained 8).
b - 65 stones (gained 22)
You now have 60 gold pieces (gained 11).
You fall through a shaft for 2 floors!
The shaft crumbles and collapses.
Found 13 gold pieces.
Found two stone staircases leading up.
You now have 73 gold pieces (gained 13).
An orc comes into view. It is wielding a short sword.
There is a stone staircase leading up here.
You climb upwards.
There is a stone staircase leading down here.
A bat comes into view.
You are feeling hungry.
You see here a smoky white potion.
You barely miss the bat. The bat barely misses you.
You can't go up here!
Sorry, you're not good enough to have a special ability.
Unknown command.
Aim: a bat The blast of sand hits the bat.
The bat hits you but does no damage.
Aim: a bat The blast of sand misses the bat.
The bat hits you.
Aim: a bat The blast of sand hits the bat.
The bat closely misses you.
Aim: a bat The blast of sand misses the bat.
The bat barely misses you.
Aim: a bat The blast of sand hits the bat.
The bat closely misses you. The bat barely misses you.
Aim: a bat The blast of sand hits the bat.
The bat hits you but does no damage. The bat hits you.
Aim: a bat The blast of sand hits the bat.
You kill the bat!
Okay, then.
a - a smoky white potion
Found a stone staircase leading up. 2 gnolls come into view.
The gnoll shouts!
A gnoll comes into view. It is wielding a whip.
The gnoll shouts!
The gnoll shouts!
Aim: a gnoll The blast of sand hits the gnoll.
You hit the gnoll.
You kill the gnoll!
The gnoll barely misses you.
You hit the gnoll but do no damage. The gnoll hits you with a whip!
The gnoll hits you from afar with a spear.
* * * LOW HITPOINT WARNING * * *
You barely miss the gnoll. The gnoll misses you.
The gnoll hits you but does no damage.
You barely miss the gnoll. The gnoll hits you with a whip.
You die...

.. ................
▒.▒▒▒▒..............▒▒
▒▒▒▒.▒........▒▒▒▒▒......
▒.......▒...........▒...▒
▒.....<.....▒.......▒..>.
▒...........▒.......▒.▒▒▒
....!.g.....▒.......▒.▒
.......g..............▒
......▒▒8▒▒▒..........▒
......................▒
▒▒▒▒....▒...........▒.▒
.......▒...............
.▒▒▒+..▒....▒...▒....▒▒.
..▒................
▒......▒▒▒▒...▒...▒..
▒......▒ ▒...▒...▒.▒
...▒▒ ▒...▒▒▒▒▒


You could see 2 gnolls.

Vanquished Creatures
  A gnoll (D:3)
  2 dart slugs (D:1)
  A leopard gecko (D:1)
  8 bats
  3 goblins (D:1)
  3 hobgoblins (D:1)
  2 kobolds (D:1)
  A quokka (D:1)
  A ball python (D:1)
  4 rats (D:1)
26 creatures vanquished.

Notes
Turn   | Place    | Note
-------+----------+-------------------------------------------
     0 | D:1      | Jesseh the Gargoyle Earth Elementalist began the quest for the Orb.
     0 | D:1      | Reached XP level 1. HP: 10/10 MP: 3/3
   256 | D:1      | Reached XP level 2. HP: 15/15 MP: 0/5
   639 | D:1      | Reached skill level 4 in Earth Magic
   706 | D:1      | Reached XP level 3. HP: 19/19 MP: 4/7
   711 | D:1      | Learned a level 3 spell: Stone Arrow
   787 | D:1      | Reached skill level 3 in Spellcasting
   941 | D:2      | You fall through a shaft for 2 floors!
   987 | D:3      | HP: 3/19 [gnoll/spear (6)]
   989 | D:3      | Slain by a gnoll

Skill      XL: |  1  2  3 |
---------------+----------+-----
Earth Magic    | 4 |  4.1
Spellcasting   | 3 |  3.2
Dodging        | |  1.5
Stealth        | |  2.1
Transmutations | |  0.7

Action                   || total
-------------------------++-------
Melee: Unarmed           ||     1
       Spear             ||     8
       Whip              ||    15
 Cast: Sandblast         ||    41
Armor: Robe              ||    17
Dodge: Dodged            ||    23

Vault maps used:
D:1:      minmay_arrival_stone_box
D:2:      lemuel_coloured_pillars_altar
D:3:      first_bread, ecumenical_altar_2
D:4:      cheibrodos_helix_gallery, lemuel_doored_altar,
          chequers_temple_overflow_minitemple, amethyst_overflow_temple_binary,
          minmay_misc_feat_iff, grunt_qazlal_sundering

Table legend:
 A = Turns spent in this place as a percentage of turns spent in the entire game.
 B = Non-inter-level travel turns spent in this place as a percentage of non-inter-level travel turns spent in the entire game.
 C = Inter-level travel turns spent in this place as a percentage of turns spent in this place.
 D = Turns resting spent in this place as a percentage of non-inter-level travel turns spent in this place.
 E = Turns spent auto-exploring this place as a percentage of non-inter-level travel turns spent in this place.
 F = Non-inter-level travel turns spent in this place divided by the number of levels of this place that you've seen.
                   A       B       C       D       E      F
               +-------+-------+-------+-------+-------+----------------------
         Total | 100.0 | 100.0 |   0.2 |   1.7 |   5.5 | 100.2
       Dungeon | 100.0 | 100.0 |   0.2 |   1.7 |   5.5 | 100.2
               +-------+-------+-------+-------+-------+----------------------

Table legend:
 A = Kills in this place as a percentage of kills in entire the game.
 B = Kills by you in this place as a percentage of kills by you in the entire game.
 C = Kills by friends in this place as a percentage of kills by friends in the entire game.
 D = Other kills in this place as a percentage of other kills in the entire game.
 E = Experience gained in this place as a percentage of experience gained in the entire game.
 F = Experience gained in this place divided by the number of levels of this place that you have seen.
                   A       B       C       D       E      F
               +-------+-------+-------+-------+-------+----------------------
         Total | 100.0 | 100.0 |  -nan |  -nan | 100.0 |  15.0
       Dungeon | 100.0 | 100.0 |  -nan |  -nan | 100.0 |  15.0
               +-------+-------+-------+-------+-------+----------------------
